 Dungeon Crawl Stone Soup version 0.29.1-15-g9cfb28693d (webtiles) character file.

Game seed: 12574061564948262833

9 protoss039 the Digger (level 2, 20/20 HPs)
             Began as a Demonspawn Earth Elementalist on Mar 26, 2023.
             Got out of the dungeon alive.
             The game lasted 00:00:50 (278 turns).

protoss039 the Digger (DsEE)                         Turns: 278, Time: 00:00:50

Health: 20/20      AC:  2    Str:  8    XL:     2   Next: 3%
Magic:  5/5        EV: 12    Int: 16    God:
Gold:   8          SH:  0    Dex: 13    Spells: 4/5 levels left

rFire   . . .      SeeInvis .   (no weapon)
rCold   . . .      Faith    .   (no shield)
rNeg    . . .      Spirit   .   a - +0 robe
rPois   .          Reflect  .   (no helmet)
rElec   .          Harm     .   (no cloak)
rCorr   .          Rampage  .   (no gloves)
Will    .....                   (no boots)
Stlth   ++........              (no amulet)
HPRegen 0.06/turn               (no ring)
MPRegen 0.09/turn               (no ring)

@: no status effects
A: demonic guardian 1
a: no special abilities


You escaped.
You visited 1 branch of the dungeon, and saw 1 of its levels.

You collected 8 gold pieces.

Inventory:

Armour
 a - a +0 robe (worn)
Scrolls
 c - a scroll of identify {unknown}
Potions
 b - a potion of magic


   Skills:
 + Level 0.8 Fighting
 - Level 1.7 Dodging
 - Level 1.7 Stealth
 + Level 2.2 Spellcasting
 - Level 0.8 Transmutations
 + Level 2.9 Earth Magic


You had 4 spell levels left.
You knew the following spells:

 Your Spells              Type           Power      Damage    Failure   Level
a - Sandblast             Erth           22%        2d7       6%          1

Your spell library contained the following spells:

 Spells                   Type           Power      Damage    Failure   Level
 Passwall                 Tmut/Erth      5%         N/A       14%         2
 Stone Arrow              Conj/Erth      12%        3d7       32%         3
 Petrify                  Tmut/Erth      7%         N/A       67%         4


Dungeon Overview and Level Annotations

Branches:
Dungeon (1/15) Zot: 5718

Altars:


Innate Abilities, Weirdness & Mutations

A weak demonic guardian rushes to your aid.


Message History

Aiming: Sandblast (safe; 6% risk of failure)
Press: ? - help, Shift-Dir - straight line, f/p - giant cockroach
Aim: a giant cockroach (82% to hit)
The blast of sand hits the giant cockroach.
You kill the giant cockroach!
Unknown command.
There is a shaft here.
A bat and a frilled lizard come into view.
There are monsters nearby!
There are monsters nearby!
There are monsters nearby!
The frilled lizard hisses angrily.
The bat barely misses you.
Casting: Sandblast (safe; 6% risk of failure)
Confirm with . or Enter, or press ? or * to list all spells.
Aiming: Sandblast (safe; 6% risk of failure)
Press: ? - help, Shift-Dir - straight line, f - bat
Aim: a bat (73% to hit)
The blast of sand hits the bat.
You kill the bat!
You have reached level 2!
Your demonic ancestry asserts itself...
You feel the presence of a demonic guardian.
Casting: Sandblast (safe; 6% risk of failure)
Confirm with . or Enter, or press ? or * to list all spells.
Aiming: Sandblast (safe; 6% risk of failure)
Press: ? - help, Shift-Dir - straight line, f - frilled lizard
Aim: a frilled lizard (70% to hit)
The blast of sand hits the frilled lizard!
You kill the frilled lizard!
Unknown command.
Unknown command.
You see here a bat corpse.
You see here a frilled lizard corpse.
Things that are here:
a +0 dagger; a goblin skeleton
There is an open door here.
There is a staircase leading out of the dungeon here.
Are you sure you want to leave the Dungeon?
This will make you lose the game!
You have escaped!

.#############
.............#
###### ##.).....
#@...+ ###........
#....#+#...#####..
####'#.....# #.#
#.......#.# ##..#
#.....##+#.##....#
#....####
#.......# #...#+
#.......# #.##
#...###.# # #..##


There were no monsters in sight!

Vanquished Creatures
  A ball python (D:1)
  2 bats (D:1)
  An endoplasm (D:1)
  A giant cockroach (D:1)
  A goblin (D:1)
  A frilled lizard (D:1)
7 creatures vanquished.

Notes
Turn   | Place    | Note
-------+----------+-------------------------------------------
     0 | D:1      | protoss039 the Demonspawn Earth Elementalist began the
                  | quest for the Orb.
     0 | D:1      | Reached XP level 1. HP: 13/13 MP: 3/3
   237 | D:1      | Gained mutation: A weak demonic guardian rushes to your
                  | aid. [demonic ancestry]
   237 | D:1      | Reached XP level 2. HP: 20/20 MP: 3/5
   278 | D:$      | Got out of the dungeon alive.

Illustrated notes

Levels and vault maps discovered:
D:1:      dpeg_arrival_short_road, layout_basic

Action                   || total
-------------------------++-------
Melee: Unarmed           ||     3
 Cast: Sandblast         ||     8
Armor: Robe              ||     1
Dodge: Dodged            ||     4
